 Dungeon Crawl Stone Soup version 0.30-a0-802-gb92711bcdf (webtiles) character file.

Game seed: 5338466487561252921

10024 browni3141 the Impaler (level 11, -1/78 HPs)
             Began as a Human Enchanter on Feb 24, 2023.
             Was a Believer of Nemelex Xobeh.
             Slain by a cane toad (18 damage)
             ... on level 1 of the Lair of Beasts.
             The game lasted 00:39:33 (14448 turns).

browni3141 the Impaler (Human Enchanter)           Turns: 14448, Time: 00:39:34

Health: -1/78      AC:  9    Str: 10    XL:     11   Next: 85%
Magic:  14/14      EV: 16    Int: 19    God:    Nemelex Xobeh [**....]
Gold:   604        SH:  4    Dex: 16    Spells: 5/14 levels left

rFire   . . .      SeeInvis .    K - +1 trident (venom)
rCold   . . .      Faith    .    i - +0 buckler
rNeg    . . .      Spirit   .    J - +3 leather armour {rPois}
rPois   +          Reflect  .    y - +1 hat
rElec   .          Harm     .    v - +1 cloak of Starlight {*Dazzle EV+4 Stlth--}
rCorr   +          Rampage  .    (no gloves)
Will    +....                    (no boots)
Stlth   +                        (no amulet)
HPRegen 0.33/turn                B - +4 ring of slaying
MPRegen 0.14/turn                I - ring of Somumor {*Slow Fly Will+ rCorr Dex+3}

@: lethally poisoned (-1 -> -7), flying
A: no striking features
a: Renounce Religion, Draw Escape, Draw Destruction, Draw Summoning


You were on level 1 of the Lair of Beasts.
You worshipped Nemelex Xobeh.
Nemelex Xobeh was pleased with you.
You visited 3 branches of the dungeon, and saw 11 of its levels.
You also visited: Bailey.

You collected 604 gold pieces.

Inventory:

Hand Weapons
 C - a +0 scythe
 K - a +1 trident of venom (weapon)
Missiles
 Q - a curare-tipped dart
Armour
 g - a +0 cloak
 i - a +0 buckler (worn)
 v - the +1 cloak of Starlight (worn) {*Dazzle EV+4 Stlth--}
   (You acquired it on level 8 of the Dungeon)

   *Dazzle:   It may blind those who miss an attack against the wearer in melee
   combat.
   EV:        It affects your evasion (+4).
   Stlth:     It makes you much less stealthy.
 y - a +1 hat (worn)
 J - a +3 leather armour of poison resistance (worn)
Jewellery
 b - a ring of magical power
 d - an amulet of faith
 B - a +4 ring of slaying (left hand)
 I - the ring of Somumor (right hand) {*Slow Fly Will+ rCorr Dex+3}
   (You acquired it on level 8 of the Dungeon)

   [ring of willpower]

   Dex:       It affects your dexterity (+3).
   Fly:       It grants you flight.
   rCorr:     It protects you from acid and corrosion.
   *Slow:     It may slow you when you take damage.
   Will:      It increases your willpower.
Wands
 t - a wand of digging (13)
 w - a wand of roots (11)
 D - a wand of paralysis (9)
 O - a wand of mindburst (7)
 P - a wand of polymorph (5)
Scrolls
 a - 2 scrolls of magic mapping {unknown}
 e - 4 scrolls of immolation {unknown}
 h - 2 scrolls of vulnerability {unknown}
 k - a scroll of enchant weapon {unknown}
 l - 5 scrolls of enchant armour
 n - 6 scrolls of fog
 q - a scroll of torment {unknown}
 s - 2 scrolls of noise {unknown}
 u - 8 scrolls of teleportation {unknown}
 F - a scroll of fear {unknown}
 G - a scroll of silence {unknown}
 H - 3 scrolls of amnesia {unknown}
 N - 2 scrolls of poison {unknown}
Potions
 c - 2 potions of invisibility
 f - 4 potions of magic
 j - a potion of resistance
 m - 4 potions of mutation
 o - 3 potions of heal wounds
 p - 3 potions of brilliance
 r - 3 potions of lignification
 x - 3 potions of curing {unknown}
 z - a potion of attraction {unknown}
 A - 3 potions of ambrosia {unknown}
 E - 2 potions of flight {unknown}
 L - 2 potions of might {unknown}
 M - 5 potions of haste {unknown}


   Skills:
 * Level 4.8 Fighting
 - Level 3.0 Short Blades
 * Level 15.5 Polearms
 - Level 2.0 Armour
 * Level 4.2 Dodging
 * Level 6.5 Stealth
 - Level 2.0 Shields
 - Level 2.0 Spellcasting
 - Level 2.0 Conjurations
 - Level 8.0 Hexes
 - Level 2.0 Necromancy
 - Level 2.0 Ice Magic
 - Level 2.0 Evocations


You had 5 spell levels left.
You knew the following spells:

 Your Spells              Type           Power      Damage    Failure   Level
a - Ensorcelled Hibernat  Hex/Ice        40%        N/A       6%          2
b - Kiss of Death         Conj/Necr      36%        2d8       13%         1
c - Tukima's Dance        Hex            32%        N/A       3%          3
d - Confusing Touch       Hex            32%        N/A       3%          3

Your spell library contained the following spells:

 Spells                   Type           Power      Damage    Failure   Level
 Dazzling Flash           Conj/Hex       40%        N/A       12%         3
 Sting                    Tmut/Pois      4%         1d3       30%         1
 Anguish                  Hex/Necr       10%        N/A       36%         4
 Poisonous Vapours        Pois/Air       2%         N/A       41%         2
 Dispel Undead            Necr           9%         3d8       78%         4
 Summon Mana Viper        Hex/Summ       17%        N/A       85%         5
 Iskenderun's Mystic Bla  Conj/Tloc      5%         2d3       89%         4
 Summon Ice Beast         Ice/Summ       5%         N/A       89%         4
 Olgreb's Toxic Radiance  Pois           1%         N/A       96%         4
 Starburst                Conj/Fire      2%         6d3       100%        6
 Enfeeble                 Hex            16%        N/A       100%        7
 Monstrous Menagerie      Summ           0%         N/A       100%        7


Dungeon Overview and Level Annotations

Branches:
Dungeon (9/15)             Temple (1/1) D:5            Lair (1/5) D:8
 Bailey (visited)
    Orc: D:9-12

Altars:
Ashenzari
Cheibriados
Dithmenos
Elyvilon
Fedhas
Gozag
Hepliaklqana
Kikubaaqudgha
Makhleb
Nemelex Xobeh
Okawaru
Qazlal
Ru
Sif Muna
Trog
Uskayaw
Vehumet
Wu Jian
Xom
Yredelemnul
Zin
The Shining One

Annotations:
D:7 3 runed translucent doors, exclusion: 3 doors, bande's ghost, novice GrFi


Message History

You puncture the cane toad!
The cane toad is almost dead.
The cane toad closely misses you.
You hit the cane toad.
You kill the cane toad!
The cane toad stings you.
You hit the cane toad.
The cane toad is lightly wounded.
The cane toad barely misses you.
You puncture the cane toad!
The cane toad is moderately wounded.
You barely miss the cane toad.
The cane toad is moderately wounded.
The cane toad stings you!
You puncture the cane toad!
The cane toad is severely wounded.
The cane toad stings you!!
You are poisoned.
The cane toad poisons you!
You are too injured to fight recklessly!
You are too injured to fight recklessly!
You are too injured to fight recklessly!
You closely miss the cane toad.
The cane toad is severely wounded.
You feel very sick. The cane toad misses you.
The cane toad's vision is obscured by starry radiance!
You catch the helpless cane toad completely off-guard!
You hit the cane toad but do no damage.
The cane toad is severely wounded.
You feel sick. The cane toad stings you!
* * * LOW HITPOINT WARNING * * *
You hit the cane toad.
The cane toad is severely wounded.
You feel sick.
You barely miss the cane toad.
The cane toad is severely wounded.
You feel sick. The cane toad stings you!!
You die...
Your body glows slightly and disappears.

.... ##.............
....##..............
....................
................#..
#.................
##...............##
##..............S...
#.......†F.........#
##..#...P@P.#.....#..
##.......####.##....?.
#.....†.## ## ..##..
...###..P~# ..# .
##..~## .. ##.~~# .##
#..~## #.P~~## ##..~~#


You could see a cane toad (blind).

Vanquished Creatures
  A quicksilver ooze (D:8)
  A hydra (Bailey)
  A centaur warrior (D:9)
  Pikel (D:4)
  A cane toad (Lair:1)
  A merfolk (D:8)
  A hornet (D:8)
  A meliai (D:9)
  Prince Ribbit (D:5)
  A blink frog (D:9)
  Sigmund (D:2)
  A shadow (D:9)
  2 slime creatures (D:8)
  2 wraiths (D:9)
  A basilisk (Lair:1)
  Eustachio (D:5)
  3 steam dragons
  Edmund (D:4)
  2 water moccasins
  7 orc warriors
  5 ice beasts
  A sky beast (D:8)
  A lemure (D:3)
  A kobold brigand (D:9)
  Blork the orc (D:6)
  A bullfrog (Lair:1)
  2 scorpions
  2 howler monkeys (D:9)
  4 orc priests
  Crazy Yiuf (D:2)
  2 gnoll boudas
  2 hounds
  Jessica (D:3)
  An iguana (D:7)
  Ijyb (D:4)
  4 orc wizards
  9 gnolls
  4 adders
  2 ufetubi (D:5)
  6 worms
  A dart slug (D:3)
  19 orcs
  7 ball pythons
  6 endoplasms
  5 giant cockroaches
  13 goblins
  9 hobgoblins
  6 jackals (D:3)
  A quokka (D:4)
  3 bats
  4 frilled lizards
  15 kobolds
  6 rats
177 creatures vanquished.

Vanquished Creatures (collateral kills)
  A centaur warrior (D:9)
  An ugly thing (D:9)
  Grinder (D:5)
  A steam dragon (D:9)
  Duvessa (D:6)
  3 orc warriors
  A centaur (D:9)
  2 ogres
  Dowan (D:6)
  An iguana (D:5)
  2 orc wizards
  A gnoll (D:5)
  6 orcs
  A goblin (D:8)
  A hobgoblin (Bailey)
  A kobold (Bailey)
25 creatures vanquished.

Vanquished Creatures (others)
  A vampire (D:9)
  8 dancing weapons
  A fungus (D:2)
  24 plants
34 creatures vanquished.

Grand Total: 236 creatures vanquished

Notes
Turn   | Place    | Note
-------+----------+-------------------------------------------
     0 | D:1      | browni3141 the Human Enchanter began the quest for the Orb.
     0 | D:1      | Reached XP level 1. HP: 13/13 MP: 3/3
   153 | D:1      | Reached skill level 1 in Fighting
   180 | D:1      | Reached XP level 2. HP: 21/21 MP: 5/5
   183 | D:1      | Reached skill level 1 in Ice Magic
   186 | D:1      | Learned a level 2 spell: Ensorcelled Hibernation
   268 | D:1      | Learned a level 1 spell: Kiss of Death
   646 | D:2      | Reached XP level 3. HP: 23/23 MP: 6/6
   907 | D:2      | Noticed Sigmund
  1057 | D:2      | Found a runed translucent door.
  1058 | D:2      | Noticed Crazy Yiuf
  1123 | D:2      | Reached skill level 1 in Conjurations
  1170 | D:2      | Reached XP level 4. HP: 31/31 MP: 7/7
  1249 | D:2      | Reached skill level 1 in Necromancy
  1699 | D:3      | Reached skill level 1 in Shields
  1951 | D:3      | You fall into a shaft and drop 2 floors!
  1951 | D:5      | Entered Level 5 of the Dungeon
  1957 | D:5      | Found a blossoming altar of Fedhas.
  2159 | D:5      | Noticed an ogre
  2245 | D:5      | Noticed an ice beast
  2286 | D:4      | Noticed a scorpion
  2293 | D:4      | Reached XP level 5. HP: 34/37 MP: 8/8
  2445 | D:4      | Noticed Pikel
  2445 | D:4      | Noticed a lemure
  2510 | D:3      | Noticed Jessica
  2519 | D:3      | Killed Jessica
  2565 | D:3      | Reached XP level 6. HP: 40/43 MP: 9/9
  3331 | D:4      | Noticed Ijyb
  3339 | D:4      | Killed Ijyb
  4148 | D:4      | Noticed an ice beast
  4148 | D:4      | Noticed an orc warrior
  4175 | D:4      | Killed an ice beast
  4176 | D:4      | Reached skill level 1 in Evocations
  4322 | D:4      | Killed Pikel
  4323 | D:4      | Reached skill level 5 in Hexes
  4323 | D:4      | Reached XP level 7. HP: 13/52 MP: 1/10
  4323 | D:4      | Reached XP level 8. HP: 15/58 MP: 1/11
  4327 | D:4      | Learned a level 3 spell: Tukima's Dance
  4331 | D:4      | Learned a level 3 spell: Confusing Touch
  4502 | D:2      | Killed Sigmund
  6783 | D:2      | Killed Crazy Yiuf
  6926 | D:4      | Noticed Edmund
  6942 | D:4      | Killed Edmund
  6958 | D:4      | Paralysed by a goblin for 2 turns
  7619 | D:4      | Reached skill level 1 in Polearms
  7812 | D:4      | Reached skill level 2 in Polearms
  7894 | D:5      | Reached skill level 4 in Polearms
  7894 | D:5      | Reached XP level 9. HP: 60/63 MP: 6/12
  7957 | D:5      | Noticed Grinder
  7987 | D:5      | Paralysed by Grinder for 4 turns
  8001 | D:5      | Paralysed by Grinder for 2 turns
  8003 | D:5      | Killed Grinder
  8004 | D:5      | Reached skill level 6 in Polearms
  8189 | D:5      | Found a staircase to the Ecumenical Temple.
  8299 | D:5      | Noticed Eustachio
  8358 | Temple   | Entered the Ecumenical Temple
  8540 | Temple   | Became a worshipper of Nemelex Xobeh the Trickster
  8599 | D:5      | Noticed Prince Ribbit
  8646 | D:5      | Killed Prince Ribbit
  8647 | D:5      | Reached skill level 7 in Polearms
  8865 | D:5      | Found a blossoming altar of Fedhas.
  9080 | D:5      | Killed Eustachio
  9081 | D:5      | Reached skill level 8 in Polearms
  9340 | D:5      | Found a staircase to the Ecumenical Temple.
  9509 | D:6      | Noticed Blork the orc
  9523 | D:6      | Killed Blork the orc
  9524 | D:6      | Reached skill level 1 in Armour
  9565 | D:6      | Reached skill level 9 in Polearms
  9756 | D:6      | Reached skill level 10 in Polearms
 10123 | D:6      | Reached skill level 11 in Polearms
 10457 | D:6      | Reached * piety under Nemelex Xobeh
 10457 | D:6      | Received a gift from Nemelex Xobeh
 10534 | D:6      | Noticed Duvessa
 10536 | D:6      | Noticed Dowan
 10545 | D:6      | Killed Duvessa
 10546 | D:6      | Reached XP level 10. HP: 55/70 MP: 4/13
 10548 | D:6      | Killed Dowan
 10769 | D:7      | Reached skill level 12 in Polearms
 11090 | D:7      | Found a runed translucent gate.
 11091 | D:7      | Found a runed translucent gate.
 11092 | D:7      | Found a runed translucent gate.
 11092 | D:7      | Noticed bande's ghost (novice GrFi)
 11094 | D:7      | Noticed a cyclops
 11319 | D:8      | Reached skill level 13 in Polearms
 11339 | D:8      | Found a flagged portal.
 11363 | Bailey   | Entered a bailey
 11374 | Bailey   | Noticed an orc warlord
 11702 | Bailey   | Found a runed translucent gate.
 11705 | Bailey   | Found a runed translucent gate.
 11706 | Bailey   | Found a runed translucent gate.
 11940 | Bailey   | an orc warlord changed into a six-headed hydra
 11940 | Bailey   | Noticed a six-headed hydra
 11956 | Bailey   | Killed a six-headed hydra
 11957 | Bailey   | Reached skill level 14 in Polearms
 11973 | Bailey   | Identified the +2 mace of Dried Tears {freeze, rC+ Int+2
                  | Dex+2 SInv}
 12056 | D:8      | Acquired the +1 cloak of Starlight {*Dazzle EV+4 Stlth--}
 12056 | D:8      | Found the +1 cloak of Starlight {*Dazzle EV+4 Stlth--}
 12068 | D:8      | Acquired the ring of Somumor {*Slow Fly Will+ rCorr Dex+3}
 12117 | D:8      | Received a gift from Nemelex Xobeh
 12202 | D:8      | Found a staircase to the Lair.
 12202 | D:8      | Reached ** piety under Nemelex Xobeh
 12437 | D:8      | a slime creature changed into a quicksilver ooze
 12437 | D:8      | Noticed a quicksilver ooze
 12450 | D:8      | Killed a quicksilver ooze
 12451 | D:8      | Reached skill level 5 in Stealth
 12451 | D:8      | Reached XP level 11. HP: 27/59 MP: 1/14
 12800 | D:9      | Found a hazy altar of Hepliaklqana.
 12801 | D:9      | Found a broken altar of Ashenzari.
 12811 | D:9      | Reached skill level 15 in Polearms
 13150 | D:9      | Received a gift from Nemelex Xobeh
 13507 | D:9      | Noticed a brown ugly thing
 13509 | D:9      | Noticed a centaur warrior
 13537 | D:9      | Killed a brown ugly thing
 13542 | D:9      | Killed a centaur warrior
 14119 | D:9      | Noticed a centaur warrior
 14134 | D:9      | Killed a centaur warrior
 14394 | Lair:1   | Entered Level 1 of the Lair of Beasts
 14448 | Lair:1   | Slain by a cane toad

Illustrated notes

Levels and vault maps discovered:
D:1:      minmay_arrival_doors, layout_rooms
D:2:      layout_basic, corexii_item_surrounded_by_moat,
          dreamdust_mushroom_princess, serial_bayou_lake_a,
          uniq_crazy_yiuf_cottage, uniq_sigmund
D:3:      layout_basic, chequers_serial_rivers_large_b, uniq_jessica
D:4:      layout_loops_cross, minmay_manual_moon, uniq_pikel, uniq_edmund,
          uniq_ijyb
D:5:      layout_cave_pools, nicolae_overflow_crystal_walls,
          minmay_temple_entry_statues, minmay_door_square,
          nicolae_concentric_dashed_squares_wild, reono_crystal_passage,
          uniq_eustachio, uniq_grinder, uniq_prince_ribbit1
D:6:      layout_cave_pods, uniq_blork_the_orc, uniq_duvessa
D:7:      layout_rooms, gammafunk_ghost_split
D:8:      layout_basic, lair_entry_dummy, enter_bailey_5
D:9:      wad_statue_garden, layout_loops_ring, nicolae_overflow_two_pavilions
Temple:   nicolae_temple_bog_church
Lair:1:   layout_layer_cave, basic_altar, cheibrodos_lair_caveside_slide,
          beast_lair_carwin_7, uniq_maggie, uniq_erica

Skill      XL: |  1  2  3  4  5  6  7  8  9 10 11 |
---------------+----------------------------------+-----
Fighting       | 1 3 4 |  4.8
Ice Magic      | 1 2 |  2.0
Conjurations   | 1 2 |  2.0
Necromancy     | 1 2 |  2.0
Shields        | 1 2 |  2.0
Short Blades   | 2 3 |  3.0
Evocations     | 2 |  2.0
Hexes          | 5 8 |  8.0
Polearms       | 4 11 14 15 | 15.5
Armour         | 2 |  2.0
Stealth        | 5 6 |  6.5
Dodging        | 4 |  4.2
Spellcasting   | |  2.0

Action                     |  1- 3 |  4- 6 |  7- 9 | 10-12 || total
---------------------------+-------+-------+-------+-------++-------
  Melee: Dagger            |    30 |       |       |       ||    30
         Short sword       |    66 |   172 |    97 |       ||   335
         Punch             |       |     2 |       |       ||     2
         Trident           |       |       |   102 |   312 ||   414
   Fire: Sling             |    16 |    10 |       |       ||    26
   Cast: Kiss of Death     |     1 |     4 |     2 |     5 ||    12
         Ensorcelled Hiber |     3 |    26 |    12 |    10 ||    51
         Tukima's Dance    |       |       |    28 |    14 ||    42
         Confusing Touch   |       |       |     4 |       ||     4
 Invoke: Draw Destruction  |       |       |     1 |     7 ||     8
         Draw Summoning    |       |       |     1 |     3 ||     4
         Draw Escape       |       |       |       |     6 ||     6
  Evoke: Wand              |       |    13 |     9 |    10 ||    32
    Use: Scroll            |       |     4 |     2 |     4 ||    10
         Potion            |       |     1 |       |     4 ||     5
   Stab: Sleeping          |     7 |     7 |     5 |     2 ||    21
         Distracted        |     1 |       |       |       ||     1
         Invisible         |       |     1 |       |     7 ||     8
         Confused          |       |       |     1 |       ||     1
         Paralysed         |       |       |     1 |       ||     1
 Armour: Robe              |    14 |    11 |       |       ||    25
         Leather armour    |       |    35 |    66 |    54 ||   155
         Skin              |       |       |       |    26 ||    26
  Dodge: Dodged            |    48 |   104 |   102 |    97 ||   351
  Block: Buckler           |       |    20 |    31 |    42 ||    93

Table legend: (Time is in decaauts)
 A = Elapsed time spent in this place.
 B = Non-inter-level travel time spent in this place.
 C = Inter-level travel time spent in this place.
 D = Time resting spent in this place.
 E = Time spent auto-exploring this place.
 F = Levels seen in this place.
 G = Mean time per level.
                   A        B        C        D        E       F      G
               +--------+--------+--------+--------+--------+-----+--------+
         Total |  14463 |  13671 |    792 |   2588 |   8213 |  12 | 1205.2 |
       Dungeon |  13527 |  12782 |    745 |   2477 |   7732 |   9 | 1503.0 |
        Temple |    215 |    170 |     45 |      0 |    152 |   1 |  215.0 |
          Lair |     42 |     42 |      0 |      0 |      9 |   1 |   42.0 |
        Bailey |    676 |    676 |      0 |    111 |    320 |   1 |  676.0 |
               +--------+--------+--------+--------+--------+-----+--------+

Top non-repeatable levels by time:
     D:2: 3374 daAuts
     D:4: 1906 daAuts
     D:5: 1799 daAuts
     D:3: 1729 daAuts
     D:9: 1658 daAuts
     D:6: 1148 daAuts
     D:8: 713 daAuts
  Bailey: 676 daAuts
     D:1: 669 daAuts
     D:7: 526 daAuts
  Temple: 215 daAuts
  Lair:1: 42 daAuts
